TOP OF THE 1ST |
Amarillo Archdukes batting - Pitching for Louisville Bats : RHP Carl Willis
|
Pitching: RHP Carl Willis
|
|
Batting: SHB Álex Hernández
|
0-0: Swinging Strike 0-1: Ball 1-1: Fly out, F8 (Line Drive, 78M)
|
Batting: RHB Seiji Kouno
|
0-0: Ball 1-0: SINGLE (Groundball, 56D)
|
Batting: LHB Michael Cook
|
0-0: Ball 1-0: Foul Ball, location: 2F 1-1: Foul Ball, location: 2F 1-2: Foul Ball, location: 2F 1-2: 2-RUN HOME RUN (Flyball, 89XD), Distance : 415 ft
|
Batting: RHB Herb Bunch
|
0-0: Ball 1-0: Fly out, F3 (Popup, 3)
|
Batting: RHB Nobuharu Hoshino
|
0-0: Called Strike 0-1: Ball 1-1: Called Strike 1-2: Strikes out swinging
|
Top of the 1st over - 2 run(s), 2 hit(s), 0 error(s), 0 left on base; Amarillo 2 - Louisville 0 |
BOTTOM OF THE 1ST |
Louisville Bats batting - Pitching for Amarillo Archdukes : RHP Sébastien Benoit
|
Pitching: RHP Sébastien Benoit
|
|
Batting: LHB George Smith
|
0-0: Called Strike 0-1: Ball 1-1: Ball 2-1: Ball 3-1: Foul Ball, location: 2F 3-2: Foul Ball, location: 2F 3-2: Foul Ball, location: 2F 3-2: Strikes out looking
|
Batting: RHB Dick Slagboom
|
0-0: Ball 1-0: Ball 2-0: Ball 3-0: Base on Balls
|
Batting: RHB Eric Thompson
|
0-0: Foul Ball, location: 2F 0-1: Called Strike 0-2: Ball 1-2: Fly out, F9 (Flyball, 9LS)
|
Batting: LHB Mike Callahan
|
0-0: Called Strike 0-1: Ball 1-1: Foul Ball, location: 2F 1-2: Fly out, F8 (Flyball, 8LS)
|
Bottom of the 1st over - 0 run(s), 0 hit(s), 0 error(s), 1 left on base; Amarillo 2 - Louisville 0 |
TOP OF THE 2ND |
Amarillo Archdukes batting - Pitching for Louisville Bats : RHP Carl Willis
|
Batting: LHB John Frost
|
0-0: Called Strike 0-1: Ground out 6-3 (Groundball, 6)
|
Batting: LHB Edwin Ryan
|
0-0: TRIPLE (Line Drive, 9LM)
|
Batting: RHB Tony Quinn
|
0-0: Fly out, F8 (Flyball, 89M) Runner from 3rd tags up, SCORES, throw made
|
Batting: RHB Esteban Lara
|
0-0: Called Strike 0-1: Ground out 6-3 (Groundball, 6)
|
Top of the 2nd over - 1 run(s), 1 hit(s), 0 error(s), 0 left on base; Amarillo 3 - Louisville 0 |
BOTTOM OF THE 2ND |
Louisville Bats batting - Pitching for Amarillo Archdukes : RHP Sébastien Benoit
|
Batting: RHB Enrico Ramos
|
0-0: Ball 1-0: Ball 2-0: Called Strike 2-1: Ground out 2-3 (Groundball, 2L)
|
Batting: LHB Alex Henderson
|
0-0: Called Strike 0-1: DOUBLE (Line Drive, 89D)
|
Batting: RHB Luis Peña
|
0-0: Ground out 6-3 (Groundball, 56)
|
Batting: LHB Jeff Forsyth
|
0-0: Foul Ball, location: 2F 0-1: Swinging Strike 0-2: Strikes out looking
|
Bottom of the 2nd over - 0 run(s), 1 hit(s), 0 error(s), 1 left on base; Amarillo 3 - Louisville 0 |
TOP OF THE 3RD |
Amarillo Archdukes batting - Pitching for Louisville Bats : RHP Carl Willis
|
Batting: SHB Álex Hernández
|
0-0: DOUBLE (Line Drive, 7LM)
|
Batting: RHB Seiji Kouno
|
0-0: Called Strike Álex Hernández steals 3rd base 0-1: Ball 1-1: Ball 2-1: Ground out U3 (Groundball, 34S) Álex Hernández scores
|
Batting: LHB Michael Cook
|
0-0: Ball 1-0: Ball 2-0: Foul Ball, location: 2F 2-1: Ball 3-1: Foul Ball, location: 2F 3-2: Strikes out swinging
|
Batting: RHB Herb Bunch
|
0-0: Swinging Strike 0-1: Called Strike 0-2: Ball 1-2: Strikes out looking
|
Top of the 3rd over - 1 run(s), 1 hit(s), 0 error(s), 0 left on base; Amarillo 4 - Louisville 0 |
BOTTOM OF THE 3RD |
Louisville Bats batting - Pitching for Amarillo Archdukes : RHP Sébastien Benoit
|
Batting: RHB Shawn Marshall
|
0-0: Swinging Strike 0-1: Foul Ball, location: 2F 0-2: Strikes out swinging
|
Batting: LHB George Smith
|
0-0: Ball 1-0: Ball 2-0: Foul Ball, location: 2F 2-1: Called Strike 2-2: Foul Ball, location: 2F 2-2: Ball 3-2: Base on Balls
|
Batting: RHB Dick Slagboom
|
0-0: Ball 1-0: Ball 2-0: Ball 3-0: Base on Balls George Smith to second
|
Batting: RHB Eric Thompson
|
0-0: SINGLE (Groundball, 6MD) George Smith to third Dick Slagboom to second Runner from 3rd tries for Home, SAFE, throw made home Dick Slagboom to third Eric Thompson to second
|
Batting: LHB Mike Callahan
|
0-0: Ball 1-0: Called Strike 1-1: Called Strike 1-2: Ball 2-2: Strikes out swinging
|
Batting: RHB Enrico Ramos
|
0-0: Called Strike 0-1: SINGLE (Groundball, 4MD) Dick Slagboom scores Eric Thompson to third Runner from 3rd tries for Home, SAFE, no throw
|
Batting: LHB Alex Henderson
|
0-0: Ball 1-0: Fly out, F8 (Flyball, 89M)
|
Bottom of the 3rd over - 3 run(s), 2 hit(s), 0 error(s), 1 left on base; Amarillo 4 - Louisville 3 |
TOP OF THE 4TH |
Amarillo Archdukes batting - Pitching for Louisville Bats : RHP Carl Willis
|
Batting: RHB Nobuharu Hoshino
|
0-0: Foul Ball, location: 2F 0-1: Ball 1-1: Ball 2-1: Ball 3-1: Swinging Strike 3-2: Strikes out swinging
|
Batting: LHB John Frost
|
0-0: Ball 1-0: Ball 2-0: Foul Ball, location: 2F 2-1: Foul Ball, location: 2F 2-2: Ball 3-2: Foul Ball, location: 2F 3-2: SINGLE (Groundball, 56D)
|
Batting: LHB Edwin Ryan
|
0-0: Called Strike 0-1: Ball 1-1: Ball 2-1: DOUBLE (Flyball, 7LM) John Frost to third Runner from 3rd tries for Home, SAFE, no throw
|
Batting: RHB Tony Quinn
|
0-0: Ball 1-0: Ball 2-0: Called Strike 2-1: Foul Ball, location: 2F 2-2: Ball 3-2: Foul Ball, location: 2F 3-2: Foul Ball, location: 2F 3-2: Base on Balls
|
Batting: RHB Esteban Lara
|
0-0: Swinging Strike 0-1: Ball 1-1: Called Strike 1-2: Strikes out swinging
|
Batting: SHB Álex Hernández
|
0-0: Ball 1-0: SINGLE (Groundball, 56D) Edwin Ryan to third Tony Quinn to second Runner from 3rd tries for Home, SAFE, no throw
|
Batting: RHB Seiji Kouno
|
0-0: Called Strike 0-1: Foul Ball, location: 2F 0-2: Ball 1-2: Ball 2-2: Foul Ball, location: 2F 2-2: Foul Ball, location: 2F 2-2: Strikes out swinging
|
Top of the 4th over - 2 run(s), 3 hit(s), 0 error(s), 2 left on base; Amarillo 6 - Louisville 3 |
BOTTOM OF THE 4TH |
Louisville Bats batting - Pitching for Amarillo Archdukes : RHP Sébastien Benoit
|
Batting: RHB Luis Peña
|
0-0: Swinging Strike 0-1: Ball 1-1: Foul Ball, location: 2F 1-2: Ball 2-2: Foul Ball, location: 2F 2-2: Strikes out swinging wild pitch, reaches first!
|
Batting: LHB Jeff Forsyth
|
0-0: Ball 1-0: Called Strike 1-1: Called Strike 1-2: Strikes out swinging
|
Batting: RHB Shawn Marshall
|
Pickoff Throw to First - Error! E1 Luis Peña to second 0-0: Swinging Strike 0-1: Swinging Strike 0-2: Foul Ball, location: 2F 0-2: Strikes out swinging
|
Batting: LHB George Smith
|
0-0: Called Strike 0-1: Swinging Strike 0-2: Ball 1-2: Strikes out swinging
|
Bottom of the 4th over - 0 run(s), 0 hit(s), 1 error(s), 1 left on base; Amarillo 6 - Louisville 3 |
TOP OF THE 5TH |
Amarillo Archdukes batting - Pitching for Louisville Bats : RHP Carl Willis
|
Pitching: LHP Dave Carbone
|
|
Batting: LHB Michael Cook
|
0-0: Swinging Strike 0-1: Ball 1-1: Ball 2-1: Swinging Strike 2-2: Ball 3-2: Strikes out swinging
|
Batting: RHB Herb Bunch
|
0-0: Ball 1-0: Ball 2-0: Called Strike 2-1: Swinging Strike 2-2: Ball 3-2: Strikes out swinging
|
Batting: RHB Nobuharu Hoshino
|
0-0: Foul Ball, location: 2F 0-1: Ball 1-1: Called Strike 1-2: Strikes out swinging
|
Top of the 5th over - 0 run(s), 0 hit(s), 0 error(s), 0 left on base; Amarillo 6 - Louisville 3 |
BOTTOM OF THE 5TH |
Louisville Bats batting - Pitching for Amarillo Archdukes : RHP Sébastien Benoit
|
Batting: RHB Dick Slagboom
|
0-0: Ball 1-0: Foul Ball, location: 2F 1-1: Ball 2-1: Ball 3-1: Called Strike 3-2: Foul Ball, location: 2F 3-2: Foul Ball, location: 2F 3-2: Base on Balls
|
Batting: RHB Eric Thompson
|
0-0: Ball 1-0: DOUBLE (Line Drive, 89D) Dick Slagboom to third
|
Pitching: RHP José Abacil
|
|
Batting: LHB Mike Callahan
|
0-0: Ball 1-0: Called Strike 1-1: SINGLE (Line Drive, 6D) Dick Slagboom scores Eric Thompson to third Runner from 3rd tries for Home, SAFE, no throw
|
Batting: RHB Enrico Ramos
|
0-0: Called Strike 0-1: Foul Ball, location: 2F 0-2: Ball Wild Pitch! Mike Callahan to second 1-2: Ground out 5-3 (Groundball, 56S) Mike Callahan to third
|
Batting: LHB Alex Henderson
|
0-0: Ball 1-0: Called Strike 1-1: Ground out 4-3 (Groundball, 4)
|
Batting: RHB Luis Peña
|
0-0: Called Strike 0-1: Called Strike 0-2: Strikes out swinging
|
Bottom of the 5th over - 2 run(s), 2 hit(s), 0 error(s), 1 left on base; Amarillo 6 - Louisville 5 |
TOP OF THE 6TH |
Amarillo Archdukes batting - Pitching for Louisville Bats : LHP Dave Carbone
|
Batting: LHB John Frost
|
0-0: Foul Ball, location: 2F 0-1: Foul Ball, location: 2F 0-2: Strikes out swinging
|
Batting: LHB Edwin Ryan
|
0-0: Called Strike 0-1: Fly out, F8 (Flyball, 8LS)
|
Batting: RHB Tony Quinn
|
0-0: Called Strike 0-1: Ball 1-1: Ball 2-1: Ball 3-1: Base on Balls
|
Batting: RHB Esteban Lara
|
0-0: Ball Tony Quinn steals 2nd base 1-0: Ball 2-0: Ball 3-0: Base on Balls
|
Batting: SHB Álex Hernández
|
0-0: Foul Ball, location: 2F 0-1: Ball 1-1: Ball 2-1: SINGLE (Groundball, 56S) (infield hit) Tony Quinn to third Esteban Lara to second
|
Batting: RHB Seiji Kouno
|
0-0: Called Strike 0-1: Fly out, F8 (Flyball, 8RS)
|
Top of the 6th over - 0 run(s), 1 hit(s), 0 error(s), 3 left on base; Amarillo 6 - Louisville 5 |
BOTTOM OF THE 6TH |
Louisville Bats batting - Pitching for Amarillo Archdukes : RHP José Abacil
|
Batting: LHB Jeff Forsyth
|
0-0: Ball 1-0: Foul Ball, location: 2F 1-1: Called Strike 1-2: Fly out, F7 (Flyball, 7LD)
|
Batting: RHB Shawn Marshall
|
0-0: Ball 1-0: Called Strike 1-1: Fly out, F9 (Flyball, 9D)
|
Batting: LHB George Smith
|
0-0: Ball 1-0: Ground out 6-3 (Groundball, 6)
|
Bottom of the 6th over - 0 run(s), 0 hit(s), 0 error(s), 0 left on base; Amarillo 6 - Louisville 5 |
TOP OF THE 7TH |
Amarillo Archdukes batting - Pitching for Louisville Bats : LHP Dave Carbone
|
Batting: LHB Michael Cook
|
0-0: Ball 1-0: Called Strike 1-1: Called Strike 1-2: Fly out, F9 (Line Drive, 9)
|
Batting: RHB Herb Bunch
|
0-0: Called Strike 0-1: Ball 1-1: Ball 2-1: Foul Ball, location: 2F 2-2: Foul Ball, location: 2F 2-2: Ground out 4-3 (Groundball, 4)
|
Batting: RHB Nobuharu Hoshino
|
0-0: Ball 1-0: Ball 2-0: Called Strike 2-1: Ball 3-1: Called Strike 3-2: Ground out 4-3 (Groundball, 4)
|
Top of the 7th over - 0 run(s), 0 hit(s), 0 error(s), 0 left on base; Amarillo 6 - Louisville 5 |
BOTTOM OF THE 7TH |
Louisville Bats batting - Pitching for Amarillo Archdukes : RHP José Abacil
|
Batting: RHB Dick Slagboom
|
0-0: Ball 1-0: Swinging Strike 1-1: Swinging Strike 1-2: Foul Ball, location: 2F 1-2: Foul Ball, location: 2F 1-2: Strikes out looking
|
Batting: RHB Eric Thompson
|
0-0: Ball 1-0: Swinging Strike 1-1: Ball 2-1: Ball 3-1: Base on Balls
|
Batting: LHB Mike Callahan
|
0-0: Ball Eric Thompson is caught stealing 2nd base 1-0: Called Strike 1-1: Foul Ball, location: 2F 1-2: Foul Ball, location: 2F 1-2: Ball 2-2: Foul Ball, location: 2F 2-2: Foul Ball, location: 2F 2-2: Ball 3-2: Ground out 4-3 (Groundball, 34)
|
Bottom of the 7th over - 0 run(s), 0 hit(s), 0 error(s), 0 left on base; Amarillo 6 - Louisville 5 |
TOP OF THE 8TH |
Amarillo Archdukes batting - Pitching for Louisville Bats : LHP Dave Carbone
|
Pitching: LHP Denny Welch
|
|
Batting: LHB John Frost
|
0-0: Foul Ball, location: 2F 0-1: Ball 1-1: Ball 2-1: Ball 3-1: Called Strike 3-2: Foul Ball, location: 2F 3-2: Ground out U3 (Groundball, 3)
|
Batting: LHB Edwin Ryan
|
0-0: Called Strike 0-1: Ball 1-1: DOUBLE (Line Drive, 9LM)
|
Batting: RHB Tony Quinn
|
0-0: Ball 1-0: Swinging Strike 1-1: Ball 2-1: Foul Ball, location: 2F 2-2: Strikes out swinging
|
Batting: RHB Esteban Lara
|
0-0: SINGLE (Groundball, 56D) Edwin Ryan to third Runner from 3rd tries for Home, SAFE, no throw
|
Batting: SHB Álex Hernández
|
0-0: Ball 1-0: Ball 2-0: Ground out 5-3 (Groundball, 56S)
|
Top of the 8th over - 1 run(s), 2 hit(s), 0 error(s), 1 left on base; Amarillo 7 - Louisville 5 |
BOTTOM OF THE 8TH |
Louisville Bats batting - Pitching for Amarillo Archdukes : RHP José Abacil
|
Batting: RHB Enrico Ramos
|
0-0: Called Strike 0-1: Swinging Strike 0-2: Ball 1-2: Strikes out swinging
|
Batting: LHB Alex Henderson
|
0-0: Ball 1-0: Ball 2-0: Fly out, F8 (Flyball, 8LS)
|
Batting: RHB Luis Peña
|
0-0: Ball 1-0: Called Strike 1-1: DOUBLE (Line Drive, 9LS)
|
Pitching: RHP Brian Hull
|
|
Batting: LHB Jeff Forsyth
|
0-0: Ground out 1-3 (Groundball, 13)
|
Bottom of the 8th over - 0 run(s), 1 hit(s), 0 error(s), 1 left on base; Amarillo 7 - Louisville 5 |
TOP OF THE 9TH |
Amarillo Archdukes batting - Pitching for Louisville Bats : LHP Denny Welch
|
Batting: RHB Seiji Kouno
|
0-0: Called Strike 0-1: Called Strike 0-2: SINGLE (Flyball, 7S)
|
Batting: LHB Michael Cook
|
0-0: Foul Ball, location: 2F 0-1: Ball 1-1: Foul Ball, location: 2F 1-2: Strikes out swinging
|
Batting: RHB Herb Bunch
|
0-0: Ball 1-0: DOUBLE (Line Drive, 9LM) Seiji Kouno to third Runner from 3rd tries for Home, SAFE, throw made home
|
Batting: RHB Nobuharu Hoshino
|
0-0: Intentional Walk
|
Pitching: RHP John Thompson
|
|
Batting: LHB John Frost
|
0-0: Foul Ball, location: 2F 0-1: Foul Ball, location: 2F 0-2: Strikes out swinging
|
Batting: LHB Edwin Ryan
|
0-0: Called Strike 0-1: Foul Ball, location: 2F 0-2: Ground out U3 (Groundball, 3L)
|
Top of the 9th over - 1 run(s), 2 hit(s), 0 error(s), 2 left on base; Amarillo 8 - Louisville 5 |
BOTTOM OF THE 9TH |
Louisville Bats batting - Pitching for Amarillo Archdukes : RHP Brian Hull
|
Pitching: RHP Ignacio Torres
|
|
Batting: RHB Shawn Marshall
|
0-0: Ground out U3 (Groundball, 3)
|
Batting: LHB George Smith
|
0-0: Swinging Strike 0-1: Ball 1-1: Foul Ball, location: 2F 1-2: Foul Ball, location: 2F 1-2: Ball 2-2: Ball 3-2: Foul Ball, location: 2F 3-2: Foul Ball, location: 2F 3-2: Base on Balls
|
Batting: RHB Dick Slagboom
|
0-0: Swinging Strike 0-1: Ball 1-1: Foul Ball, location: 2F 1-2: Ball 2-2: Ball 3-2: SINGLE (Groundball, 56D) George Smith to second
|
Batting: RHB Eric Thompson
|
0-0: Ball 1-0: Fly out, F3 (Popup, 34)
|
Batting: LHB Mike Callahan
|
0-0: Ball 1-0: 3-RUN HOME RUN (Flyball, 89XD), Distance : 430 ft
|
Pinch Hitting: SHB Bob Warren
|
0-0: Ball 1-0: Foul Ball, location: 2F 1-1: Ball 2-1: Foul Ball, location: 2F 2-2: Strikes out swinging
|
Bottom of the 9th over - 3 run(s), 2 hit(s), 0 error(s), 0 left on base; Amarillo 8 - Louisville 8 |
TOP OF THE 10TH |
Amarillo Archdukes batting - Pitching for Louisville Bats : RHP John Thompson
|
Pitching: LHP José Bamuelos
|
|
Now in LF: Bob Warren
|
|
Batting: RHB Tony Quinn
|
0-0: Ground out 6-3 (Groundball, 6M)
|
Batting: RHB Esteban Lara
|
0-0: Ball 1-0: Called Strike 1-1: Ball 2-1: Foul Ball, location: 2F 2-2: Strikes out swinging
|
Batting: SHB Álex Hernández
|
0-0: Called Strike 0-1: Fly out, F7 (Flyball, 7)
|
Top of the 10th over - 0 run(s), 0 hit(s), 0 error(s), 0 left on base; Amarillo 8 - Louisville 8 |
BOTTOM OF THE 10TH |
Louisville Bats batting - Pitching for Amarillo Archdukes : RHP Ignacio Torres
|
Pitching: RHP Pedro Lara
|
|
Batting: LHB Alex Henderson
|
0-0: Called Strike 0-1: Foul Ball, location: 2F 0-2: Foul Ball, location: 2F 0-2: Ground out 4-3 (Groundball, 4)
|
Pinch Hitting: RHB William Farmer
|
0-0: Ball 1-0: Ball 2-0: Foul Ball, location: 2F 2-1: Swinging Strike 2-2: Strikes out swinging
|
Batting: LHB Jeff Forsyth
|
0-0: Foul Ball, location: 2F 0-1: Foul Ball, location: 2F 0-2: Hit by Pitch
|
Batting: RHB Shawn Marshall
|
0-0: Called Strike 0-1: Ball 1-1: Called Strike 1-2: Fly out, F3 (Popup, 3L)
|
Bottom of the 10th over - 0 run(s), 0 hit(s), 0 error(s), 1 left on base; Amarillo 8 - Louisville 8 |
TOP OF THE 11TH |
Amarillo Archdukes batting - Pitching for Louisville Bats : LHP José Bamuelos
|
Now in CF: William Farmer
|
|
Batting: RHB Seiji Kouno
|
0-0: Ball 1-0: Foul Ball, location: 2F 1-1: Ball 2-1: Foul Ball, location: 2F 2-2: Strikes out swinging
|
Batting: LHB Michael Cook
|
0-0: Called Strike 0-1: Swinging Strike 0-2: Ball 1-2: SINGLE (Flyball, 9S)
|
Pinch Hitting: RHB Paul Ladd
|
0-0: Ball 1-0: Foul Ball, location: 2F 1-1: Foul Ball, location: 2F 1-2: Foul Ball, location: 2F 1-2: Strikes out looking
|
Batting: RHB Nobuharu Hoshino
|
0-0: Swinging Strike 0-1: Called Strike 0-2: Strikes out looking
|
Top of the 11th over - 0 run(s), 1 hit(s), 0 error(s), 1 left on base; Amarillo 8 - Louisville 8 |
BOTTOM OF THE 11TH |
Louisville Bats batting - Pitching for Amarillo Archdukes : RHP Pedro Lara
|
Now at 3B: Jeff Chambers
|
|
Batting: LHB George Smith
|
0-0: Ball 1-0: Called Strike 1-1: Ball 2-1: Ball 3-1: Foul Ball, location: 2F 3-2: Base on Balls
|
Batting: RHB Dick Slagboom
|
0-0: Ball 1-0: Ball 2-0: Ball 3-0: Called Strike 3-1: Base on Balls George Smith to second
|
Batting: RHB Eric Thompson
|
0-0: Ball 1-0: Fly out, F9 (Flyball, 9LS)
|
Batting: LHB Mike Callahan
|
0-0: Ball 1-0: Foul Ball, location: 2F 1-1: Ball 2-1: Ball 3-1: Foul Ball, location: 2F 3-2: Foul Ball, location: 2F 3-2: Foul Ball, location: 2F 3-2: SINGLE (Groundball, 56D) George Smith to third Dick Slagboom to second Runner from 3rd tries for Home, SAFE, throw made home
|
Tuesday, August 8th, 2017 - OOTP Baseball 17.12 Build 75
|
|